 Dungeon Sprint DCSS version 0.17-a0-1497-g03599f7 (webtiles) character file.

2404 nuthulu the Scorcher (level 9, -5/45 HPs)
             Began as a Deep Elf Fire Elementalist on July 6, 2015.
             Was a High Priest of Vehumet.
             Killed from afar by a green draconian (17 damage)
             ... with a blast of poison
             ... in the Dungeon (Sprint V: "Ziggurat Sprint").
             The game lasted 00:03:03 (528 turns).

nuthulu the Scorcher (Deep Elf Fire Elementalist)    Turns: 528, Time: 00:03:03

Health: -5/45      AC:  2    Str:  7    XL:     9   Next: 23%
Magic:  12/28      EV: 18    Int: 34    God:    Vehumet [*****.]
Gold:   0          SH:  0    Dex: 15    Spells: 3 memorised, 25 levels left

rFire  + . .     SeeInvis .     y - +5 quick blade
rCold  . . .     Clarity  .     a - +0 robe
rNeg   . . .     SustAt   .     (no shield)
rPois  .         Gourm    .     (no helmet)
rElec  .         Spirit   .     (no cloak)
rCorr  .         Warding  .     (no gloves)
rMut   .         NoTele   +     (no boots)
MR     .....                    J - amulet "Ismyess" {+Rage rF+}
Stlth  ++++......               G - +6 ring of intelligence
                                F - +6 ring of intelligence

@: lethally poisoned (-5 -> -47), not resistant to hostile enchantments,
stealthy
A: no striking features
a: Renounce Religion, Evoke Berserk Rage


You were in the Dungeon.
You worshipped Vehumet.
Vehumet was extremely pleased with you.
You were not hungry.

You visited 1 branch

Inventory:

Hand weapons
 y - a +5 quick blade (weapon)
Armour
 a - a +0 robe (worn)
Jewellery
 m - an uncursed amulet of the gourmand
 D - a +6 ring of dexterity
 E - a +6 ring of dexterity
 F - a +6 ring of intelligence (left hand)
 G - a +6 ring of intelligence (right hand)
 H - a +6 ring of strength
 I - a +6 ring of strength
 J - the amulet "Ismyess" (around neck) {+Rage rF+}
   (You found it in the Dungeon)

   [amulet of rage]

   It protects you from fire.
   It lets you go berserk.
 K - the ring "Febliubbi" {rF+ rN+}
   (You found it in the Dungeon)

   [ring of protection from fire]

   It protects you from fire.
   It protects you from negative energy.
Magical devices
 z - a wand of disintegration (7)
 A - a wand of fire (2)
 B - a wand of cold (2)
 C - a wand of draining (5)
Scrolls
 i - 4 scrolls of blinking
 p - 4 scrolls of amnesia
 q - 3 scrolls of recharging
 r - 7 scrolls of fog
 s - a scroll of holy word
 t - 5 scrolls of identify
 u - 5 scrolls of remove curse
 v - 2 scrolls of fear
Potions
 d - 10 potions of curing
 e - 10 potions of heal wounds
 f - 6 potions of haste
 g - 7 potions of magic
 h - 3 potions of berserk rage
 j - 2 potions of brilliance
 k - 2 potions of invisibility
 l - 4 potions of resistance
 n - 5 potions of agility
 o - 5 potions of might
Books
 b - a book of Flames

   Spells                             Type                      Level
   a - Flame Tongue                   Conjuration/Fire             1
   b - Throw Flame                    Conjuration/Fire             2
   c - Conjure Flame                  Conjuration/Fire             3
   d - Inner Flame                    Hexes/Fire                   3
   e - Sticky Flame                   Conjuration/Fire             4
   f - Fireball                       Conjuration/Fire             5
Comestibles
 c - 5 bread rations
 w - 42 fruits
 x - 4 meat rations


   Skills:
 + Level 9.7 Dodging
 + Level 8.2 Stealth
 + Level 13.2 Spellcasting
 + Level 7.0 Conjurations
 + Level 15.1 Fire Magic
 + Level 3.3 Evocations


You had 25 spell levels left.
You knew the following spells:

 Your Spells              Type           Power        Failure   Level  Hunger
a - Flame Tongue          Conj/Fire      #####        1%          1    None
b - Fireball              Conj/Fire      #######...   1%          5    None
c - Stone Arrow           Conj/Erth      #####.       1%          3    None


Dungeon Overview and Level Annotations

Branches:
Dungeon (1/1)

Altars:
Ashenzari
Cheibriados
Dithmenos
Elyvilon
Fedhas
Gozag
Kikubaaqudgha
Makhleb
Nemelex Xobeh
Okawaru
Qazlal
Ru
Sif Muna
Trog
Vehumet
Xom
Yredelemnul
Zin
The Shining One
Beogh
Jiyva
Lugonu


Message History

Press: ? - help, Shift-Dir - straight line, f/p - draconian
Aim: a draconian, wielding a short sword (almost dead)
The fireball explodes!
The fireball engulfs the draconian.
You kill the draconian!
Vehumet accepts your kill.
You feel your power returning.
Your Stealth skill increases to level 8!
Your Spellcasting skill increases to level 13!
Your Conjurations skill increases to level 7!
Your Fire Magic skill increases to level 15!
The fireball engulfs the green draconian.
The green draconian is severely wounded.
You are engulfed in poison gas.
You are lethally poisoned!
* * * LOW HITPOINT WARNING * * *
You feel very sick.
The green draconian breathes poison at you.
The blast of poison engulfs you!
You are more poisoned.
You die...

▓..).)..▓
▓..}|}..▓
▓.......▓
▓..ddd..▓
▓...)d..▓
.§§§§§.
▓.▓§§§▓.▓
▓.§§@§§.▓
▓▓▓▓▓▓▓▓▓


You could see a green draconian and 3 draconians.

Vanquished Creatures
  2 draconians (D)
  2 fire drakes (D)
  A jumping spider (D)
  A tarantella (D)
  2 steam dragons (D)
  4 swamp drakes (D)
  2 scorpions (D)
  2 jellies (D)
  2 orc priests (D)
  2 orcs (D)
20 creatures vanquished.

Notes
Turn   | Place    | Note
--------------------------------------------------------------
     0 | D        | nuthulu the Deep Elf Fire Elementalist began the quest for the Orb.
     0 | D        | Reached XP level 1. HP: 10/10 MP: 6/6
     0 | D        | Found a roughly hewn altar of Beogh.
     0 | D        | Found a corrupted altar of Lugonu.
     0 | D        | Found a viscous altar of Jiyva.
     0 | D        | Found a white marble altar of Elyvilon.
     0 | D        | Found a sparkling altar of Nemelex Xobeh.
     0 | D        | Found a burning altar of Makhleb.
     0 | D        | Found an iron altar of Okawaru.
     0 | D        | Found a deep blue altar of Sif Muna.
     0 | D        | Found a radiant altar of Vehumet.
     0 | D        | Found a bloodstained altar of Trog.
     0 | D        | Found a shimmering altar of Xom.
    58 | D        | Became a worshipper of Vehumet
    62 | D        | Reached skill level 5 in Dodging
    62 | D        | Reached skill level 5 in Spellcasting
    62 | D        | Reached skill level 5 in Fire Magic
    62 | D        | Reached XP level 2. HP: 15/15 MP: 6/10
    99 | D        | Entered arena 1.
    99 | D        | Noticed a jelly
    99 | D        | Noticed a jelly
   101 | D        | Killed a jelly
   101 | D        | Reached skill level 6 in Spellcasting
   101 | D        | Reached XP level 3. HP: 19/19 MP: 8/12
   105 | D        | Killed a jelly
   105 | D        | Reached skill level 7 in Fire Magic
   105 | D        | Reached XP level 4. HP: 24/24 MP: 4/14
   176 | D        | Entered arena 2.
   176 | D        | Noticed a swamp drake
   176 | D        | Noticed a swamp drake
   176 | D        | Noticed a swamp drake
   178 | D        | Killed a swamp drake
   178 | D        | Acquired Vehumet's first power
   178 | D        | Offered knowledge of Sandblast by Vehumet.
   178 | D        | Reached skill level 8 in Fire Magic
   178 | D        | Reached XP level 5. HP: 28/28 MP: 15/17
   179 | D        | Killed a swamp drake
   179 | D        | Reached skill level 9 in Fire Magic
   181 | D        | Killed a swamp drake
   181 | D        | Reached skill level 5 in Stealth
   181 | D        | Reached skill level 10 in Fire Magic
   181 | D        | Reached XP level 6. HP: 32/32 MP: 17/20
   188 | D        | Learned a level 5 spell: Fireball
   296 | D        | Entered arena 3.
   296 | D        | Noticed a jumping spider
   296 | D        | Noticed a scorpion
   296 | D        | Noticed a tarantella
   296 | D        | Noticed a scorpion
   297 | D        | Killed a scorpion
   297 | D        | Offered knowledge of Freeze by Vehumet.
   297 | D        | Killed a scorpion
   297 | D        | Reached skill level 5 in Conjurations
   297 | D        | Reached skill level 11 in Fire Magic
   297 | D        | Reached skill level 1 in Evocations
   298 | D        | Killed a tarantella
   298 | D        | Reached skill level 10 in Spellcasting
   298 | D        | Reached XP level 7. HP: 36/36 MP: 14/22
   299 | D        | Killed a jumping spider
   299 | D        | Reached skill level 12 in Fire Magic
   376 | D        | Entered arena 4.
   376 | D        | Noticed an orc priest
   376 | D        | Noticed an orc priest
   378 | D        | Acquired Vehumet's second power
   379 | D        | Killed an orc priest
   379 | D        | Killed an orc priest
   477 | D        | Entered arena 5.
   477 | D        | Noticed a steam dragon
   477 | D        | Noticed a fire drake
   477 | D        | Noticed a steam dragon
   477 | D        | Noticed a swamp drake
   477 | D        | Noticed a fire drake
   479 | D        | Killed a steam dragon
   479 | D        | Offered knowledge of Stone Arrow by Vehumet.
   479 | D        | Acquired Vehumet's third power
   479 | D        | Killed a swamp drake
   479 | D        | Reached skill level 13 in Fire Magic
   479 | D        | Reached XP level 8. HP: 41/41 MP: 15/25
   479 | D        | Killed a steam dragon
   480 | D        | Killed a fire drake
   480 | D        | Killed a fire drake
   480 | D        | Reached skill level 14 in Fire Magic
   487 | D        | Learned a level 3 spell: Stone Arrow
   493 | D        | Got the amulet "Ismyess" {+Rage rF+}
   495 | D        | Got the ring "Febliubbi" {rF+ rN+}
   524 | D        | Entered arena 6.
   524 | D        | Noticed a draconian
   524 | D        | Noticed a draconian
   524 | D        | Noticed a draconian
   524 | D        | Noticed a draconian
   524 | D        | Noticed a green draconian
   524 | D        | Noticed a draconian
   527 | D        | Killed a draconian
   527 | D        | Offered knowledge of Ignite Poison by Vehumet.
   527 | D        | Reached XP level 9. HP: 31/45 MP: 13/27
   528 | D        | Killed a draconian
   528 | D        | Reached skill level 15 in Fire Magic
   528 | D        | Killed from afar by a green draconian

Vault maps used:
D:        sprint_v

Action                   |  1- 3 |  4- 6 |  7- 9 || total
-------------------------+-------+-------+-------++-------
 Cast: Flame Tongue      |     5 |     1 |       ||     6
       Fireball          |       |     1 |    11 ||    12
Evoke: Wand              |       |     5 |     1 ||     6
  Use: Potion            |     1 |       |       ||     1
  Eat: Chunk             |       |       |     7 ||     7
